 Dungeon Crawl Stone Soup version 0.18-a0-1160-geb89fc2 (webtiles) character file.

44 Duffy the Shield-Bearer (level 3, 0/29 HPs)
             Began as a Formicid Fighter on Jan 24, 2016.
             Succumbed to an adder's poison
             ... on level 2 of the Dungeon.
             The game lasted 00:00:49 (605 turns).

Duffy the Shield-Bearer (Formicid Fighter)           Turns: 605, Time: 00:00:49

Health: 0/29       AC:  6    Str: 21    XL:     3   Next: 85%
Magic:  3/3        EV:  8    Int:  7    God:
Gold:   59         SH: 11    Dex: 10    Spells: 0 memorised, 2 levels left

rFire  . . .     SeeInvis +     a - +0 war axe
rCold  . . .     Gourm    .     b - +0 scale mail
rNeg   . . .     Faith    .     c - +0 shield
rPois  .         Spirit   .     (helmet unavailable)
rElec  .         Dismiss  .     (no cloak)
rCorr  .         Reflect  +     (no gloves)
SustAt .         Harm     .     (no boots)
MR     .....                    e - +2 amulet of reflection
Stlth  ..........               (no ring)
                                (no ring)

@: lethally poisoned (0 -> -7), not resistant to hostile enchantments, extremely
unstealthy
A: permanent stasis, dig shafts and tunnels, four strong arms, antennae 3
a: Dig, Shaft Self


You were on level 2 of the Dungeon.
You were not hungry.

You visited 1 branch of the dungeon, and saw 2 of its levels.

You collected 59 gold pieces.


Innate Abilities, Weirdness & Mutations

You are under a permanent stasis effect.
You can dig through walls and to a lower floor.
Your four strong arms can wield two-handed weapons with a shield.
You have a pair of large antennae on your head (SInv).


   Skills:
 - Level 3.2 Fighting
 + Level 2.9 Axes
 - Level 3.2 Armour
 + Level 4.7 Shields


You had 2 spell levels left.
You didn't know any spells.

Inventory:

Hand Weapons
 a - a +0 war axe (weapon)
Armour
 b - a +0 scale mail (worn)
 c - a +0 shield (worn)
Jewellery
 e - a +2 amulet of reflection (around neck)
Scrolls
 h - 3 scrolls of enchant weapon {unknown}
 i - a scroll of identify {unknown}
 j - a scroll of magic mapping {unknown}
 k - a scroll of fear {unknown}
Potions
 d - a potion of might
Comestibles
 f - a bread ration
 g - a beef jerky
 l - a slice of pizza
 m - a royal jelly

Dungeon Overview and Level Annotations

Branches:
Dungeon (2/15)

Altars:


Message History

Your shield and scale mail prevent you from hitting the adder.
The adder is severely wounded.
You closely miss the adder.
The adder is severely wounded.
You feel sick. You block the adder's attack. The adder barely misses you.
The adder bites you but does no damage. The adder bites you.
You closely miss the adder.
The adder is heavily wounded.
You closely miss the adder.
The adder is severely wounded.
The adder bites you.
You are lethally poisoned!
The adder poisons you! The adder bites you but does no damage.
The adder barely misses you. The adder bites you but does no damage.
You miss the adder.
The adder is heavily wounded.
You barely miss the adder.
The adder is severely wounded.
You feel sick. The adder bites you but does no damage.
You block the adder's attack. x2; The adder bites you.
You miss the adder.
The adder is heavily wounded.
You barely miss the adder.
The adder is severely wounded.
You feel sick. The adder bites you but does no damage. The adder bites you.
The adder misses you. The adder closely misses you.
You hit the adder.
You kill the adder!
You hit the adder.
You kill the adder!
You feel sick.
You swing at nothing.
You feel sick.
You swing at nothing.
You feel sick.
You swing at nothing.
You die...

#########
........#
........#
........#
>......@#
......%.#
........#
........#
........#
#########


There were no monsters in sight!

Action                   || total
-------------------------++-------
Melee: War axe           ||    65

Notes
Turn   | Place    | Note
--------------------------------------------------------------
     0 | D:1      | Duffy the Formicid Fighter began the quest for the Orb.
     0 | D:1      | Reached XP level 1. HP: 18/18 MP: 1/1
   150 | D:1      | Reached skill level 4 in Shields
   151 | D:1      | Reached XP level 2. HP: 22/24 MP: 2/2
   298 | D:1      | Reached XP level 3. HP: 29/29 MP: 3/3
   605 | D:2      | Succumbed to an adder's poison

Vault maps used:
D:1:      lightli_arrival_noodles
D:2:      nrook_loot_triangle, fedhas_altar_fruit_tree

Vanquished Creatures
  2 adders
  3 bats
  A giant cockroach
  2 goblins
  A hobgoblin
  2 jackals
  A giant newt
  9 kobolds
  7 rats
28 creatures vanquished.
